cohdb
Replays
Latest Replays
All Replays
Popular Replays
Top Player Replays
Match Explorer
How It Works
Community
CoH3 Stats
Reddit
Sign in to upload your games and track your stats! →
Sign in with Steam
Match 45255196
Unlisted
Match 45255196
Overview
Messages
Build Orders
End
Selects Special Operations Battlegroup
Selects Special Operations Battlegroup
Selects M29 Weasel Recon Vehicle
M29 Weasel Recon Vehicle
Construct Barracks
Riflemen Squad
Riflemen Squad
Grenade Package
Riflemen Squad
Infantry Support Center
Construct Weapon Support Center
M3 Armored Personnel Carrier
M1918 Browning Automatic Rifles
Selects P-47 Anti-Infantry Loiter
Selects UNKNOWN (2162291)
M3 Armored Personnel Carrier
M3 Armored Personnel Carrier
Selects Raiding Flares
STALKER4732
kit.ohume
Devochkin
Reactive
ValiantHawk
NachoMz_HQ YT
0
0
Comments
sign in to comment!
No comments posted yet!